 Dungeon Crawl Stone Soup version 0.19.4 (webtiles) character file.

313 Jerry the Covered (level 5, 18/46 HPs)
             Began as a Demigod Fighter on Jan 31, 2017.
             Quit the game on level 4 of the Dungeon.
             The game lasted 00:04:34 (2871 turns).

Jerry the Covered (Demigod Fighter)                 Turns: 2871, Time: 00:04:36

Health: 18/46      AC:  8    Str: 19    XL:     5   Next: 98%
Magic:  7/7        EV:  7    Int: 12    God:
Gold:   132        SH: 10    Dex: 17    Spells: 0 memorised, 4 levels left

rFire  . . .     SeeInvis .     a - +0 long sword
rCold  . . .     Gourm    .     b - +0 scale mail
rNeg   . . .     Faith    .     c - +0 shield
rPois  .         Spirit   .     (no helmet)
rElec  .         Reflect  .     (no cloak)
rCorr  .         Harm     .     (no gloves)
MR     .....                    m - +0 pair of boots
Stlth  ..........               (no amulet)
                                (no ring)
                                (no ring)

@: no status effects
A: high mp 1
a: no special abilities


You were on level 4 of the Dungeon.
You were not hungry.

You visited 1 branch of the dungeon, and saw 4 of its levels.

You collected 132 gold pieces.

Inventory:

Hand Weapons
 a - a +0 long sword (weapon)
Armour
 b - a +0 scale mail (worn)
 c - a +0 shield (worn)
 m - a +0 pair of boots (worn)
Jewellery
 r - an uncursed ring of ice {unknown}
 u - an uncursed ring of protection from fire {unknown}
Scrolls
 e - 4 scrolls of fog {unknown}
 g - 5 scrolls of identify {unknown}
 h - a scroll of enchant armour {unknown}
 i - a scroll of remove curse {unknown}
 k - a scroll of magic mapping {unknown}
 n - 2 scrolls of teleportation {unknown}
 p - a scroll of noise {unknown}
 v - 3 scrolls of immolation {unknown}
 x - 2 scrolls of blinking {unknown}
Potions
 d - a potion of might
 l - 2 potions of lignification {unknown}
 s - 2 potions of curing {unknown}
 t - a potion of flight {unknown}
 w - a potion of heal wounds {unknown}
Comestibles
 f - a bread ration
 j - a royal jelly
 o - 2 chunks of flesh
 q - 2 meat rations
 z - a slice of pizza


   Skills:
 + Level 3.6 Fighting
 + Level 3.3 Long Blades
 + Level 4.0 Armour
 + Level 4.0 Shields


You had 4 spell levels left.
You didn't know any spells.

Dungeon Overview and Level Annotations

Branches:
Dungeon (4/15)
 Temple: D:4-7


Innate Abilities, Weirdness & Mutations

You have an increased reservoir of magic. (+10% MP)


Message History

You hit the orc.
The orc is severely wounded.
The orc hits you with a dagger. You block the orc's attack.
You closely miss the orc.
The orc is severely wounded.
You block the orc's attack.
You closely miss the orc.
The orc is severely wounded.
The orc hits you but does no damage.
You hit the orc but do no damage.
The orc is severely wounded.
The orc hits you but does no damage. x2
You closely miss the orc.
The orc is severely wounded.
You block the orc's attack.
You hit the orc.
You kill the orc!
No target in view!
No target in view!
Are you sure you want to abandon this character and quit the game? (Confirm with "yes".)

# #...# ##....
##.###.## ##..#..
##..... ###..##..
..#.#.
####...#####
.#.....
####....###
...#...###....####
...........####
......†..###
.(....)@.#
......)..#
........##
...#...## #......
#######


There were no monsters in sight!

Vanquished Creatures
  An ogre (D:3)
  A bullfrog (D:3)
  An orc wizard (D:4)
  Natasha (D:2)
  Robin (D:2)
  3 adders
  2 worms (D:3)
  3 leopard geckos
  5 orcs
  2 giant cockroaches
  9 goblins
  11 hobgoblins
  5 jackals
  3 kobolds
  A quokka (D:2)
  6 bats
  3 frilled lizards
  10 rats
68 creatures vanquished.

Notes
Turn   | Place    | Note
-------+----------+-------------------------------------------
     0 | D:1      | Jerry the Demigod Fighter began the quest for the Orb.
     0 | D:1      | Reached XP level 1. HP: 18/18 MP: 3/3
   346 | D:1      | Reached XP level 2. HP: 25/25 MP: 4/4
  1079 | D:2      | Noticed Robin
  1103 | D:2      | Reached XP level 3. HP: 11/30 MP: 5/5
  1296 | D:2      | Killed Robin
  1438 | D:2      | Noticed Natasha
  1444 | D:2      | Killed Natasha
  1444 | D:2      | Reached XP level 4. HP: 38/38 MP: 6/6
  1453 | D:2      | Found a glowing golden altar of the Shining One.
  1805 | D:3      | Found a hazy altar of Hepliaklqana.
  1958 | D:3      | Noticed a bullfrog
  1963 | D:3      | Killed a bullfrog
  1963 | D:3      | Reached XP level 5. HP: 36/45 MP: 7/7
  2140 | D:3      | Found an iron altar of Okawaru.
  2398 | D:3      | Noticed an ogre
  2407 | D:3      | Killed an ogre
  2871 | D:4      | Quit the game

Skill      XL: |  1  2  3  4  5 |
---------------+----------------+-----
Long Blades    | 2 3 |  3.3
Shields        | 3 4 |  4.0
Armour         | 3 4 |  4.0
Fighting       | 3 |  3.6

Action                   |  1- 3 |  4- 6 || total
-------------------------+-------+-------++-------
Melee: Long sword        |   122 |   127 ||   249
  Eat: Chunk             |     2 |     5 ||     7
Armor: Scale mail        |    46 |    52 ||    98
Dodge: Dodged            |    33 |    33 ||    66
Block: Shield            |    70 |    69 ||   139
       Rpst.: Long sword |    11 |    11 ||    22
